 Dungeon Crawl Stone Soup version 0.18.1-50-g88ac8fd (webtiles) character file.

458 Krapule the Covered (level 6, -2/56 HPs)
             Began as a Minotaur Fighter on Oct 22, 2016.
             Slain by Pikel
             ... wielding a +1 whip of flaming
              (4 damage)
             ... on level 4 of the Dungeon.
             The game lasted 00:07:25 (2416 turns).

Krapule the Covered (Minotaur Fighter)              Turns: 2416, Time: 00:07:26

Health: -2/56      AC:  7    Str: 27    XL:     6   Next: 77%
Magic:  5/5        EV:  9    Int:  5    God:
Gold:   233        SH: 11    Dex: 10    Spells: 0 memorised, 5 levels left

rFire  . . .     SeeInvis +     a - +0 long sword
rCold  . . .     Gourm    .     b - +0 scale mail
rNeg   . . .     Faith    .     c - +1 shield
rPois  .         Spirit   .     (helmet restricted)
rElec  .         Dismiss  .     (no cloak)
rCorr  .         Reflect  .     (no gloves)
SustAt .         Harm     .     (no boots)
MR     .....                    (no amulet)
Stlth  ..........               (no ring)
                                p - ring of see invisible

@: mighty, flying, not resistant to hostile enchantments, extremely unstealthy
A: retaliatory headbutt, horns 2
a: no special abilities


You were on level 4 of the Dungeon.
You were not hungry.

You visited 1 branch of the dungeon, and saw 4 of its levels.

You collected 233 gold pieces.

Inventory:

Hand Weapons
 a - a +0 long sword (weapon)
 s - a +0 war axe of flaming
Armour
 b - a +0 scale mail (worn)
 c - a +1 shield (worn)
Jewellery
 p - a ring of see invisible (left hand)
Scrolls
 t - a scroll of noise {unknown}
Potions
 d - 2 potions of might
 e - 3 potions of flight
 h - a potion of berserk rage {unknown}
 i - a potion of lignification {unknown}
 l - 3 potions of cure mutation {unknown}
 q - a potion of agility {unknown}
Comestibles
 f - 2 bread rations
 g - 3 fruits
 j - a meat ration
 n - 2 slices of pizza


   Skills:
 + Level 5.1 Fighting
 - Level 4.0 Long Blades
 + Level 5.5 Armour
 + Level 3.2 Dodging
 + Level 5.2 Shields


You had 5 spell levels left.
You didn't know any spells.

Dungeon Overview and Level Annotations

Branches:
Dungeon (4/15)
 Temple: D:4-7

Altars:
Elyvilon

Annotations:
D:4 Dowan, Duvessa, Pikel


Innate Abilities, Weirdness & Mutations

You reflexively headbutt those who attack you in melee.
You have a pair of horns on your head.


Message History

Pikel is lightly wounded.
Pikel hits you with a whip of flaming.
* * * LOW HITPOINT WARNING * * *
Pikel burns you.
* * * LOW HITPOINT WARNING * * *
The slave hits you.
* * * LOW HITPOINT WARNING * * *
You closely miss Pikel.
Pikel is lightly wounded.
Pikel hits you with a whip of flaming.
* * * LOW HITPOINT WARNING * * *
Pikel burns you.
* * * LOW HITPOINT WARNING * * *
The slave closely misses you. You furiously retaliate!
You headbutt the slave. Pikel hits you but does no damage.
The slave hits you but does no damage.
Drink which item? (? for menu, Esc to quit)
It was a potion of flight.
You feel very buoyant.
You fly up into the air.
Pikel hits you with a whip of flaming.
You die... ## .. ####. ##.p. .ee

#K# #@#
#.. #p#
#.## #p#
....
#...pK.#
#..
###.####
...## .#
#§#§#####
#
§§§§.....
#§#


You could see Pikel, Duvessa, 3 slaves and Dowan.

Vanquished Creatures
  Sigmund (D:2)
  A slave (D:4)
  2 orc priests (D:3)
  Ijyb (D:2)
  4 orc wizards (D:3)
  An adder (D:3)
  3 worms (D:2)
  A dart slug (D:2)
  2 giant geckos
  7 orcs (D:3)
  A ball python (D:3)
  4 giant cockroaches
  4 goblins
  9 hobgoblins
  8 jackals
  4 quokkas
  9 bats
  A giant newt (D:3)
  3 kobolds
  36 rats
102 creatures vanquished.

Notes
Turn   | Place    | Note
--------------------------------------------------------------
     0 | D:1      | Krapule the Minotaur Fighter began the quest for the Orb.
     0 | D:1      | Reached XP level 1. HP: 19/19 MP: 0/0
   179 | D:1      | Reached XP level 2. HP: 26/27 MP: 1/1
   785 | D:2      | Reached XP level 3. HP: 24/33 MP: 2/2
  1017 | D:2      | Noticed Ijyb
  1027 | D:2      | Killed Ijyb
  1027 | D:2      | Reached skill level 1 in Dodging
  1067 | D:2      | Noticed Sigmund
  1458 | D:2      | Reached XP level 4. HP: 38/40 MP: 3/3
  1602 | D:2      | Killed Sigmund
  1602 | D:2      | Reached skill level 5 in Armour
  1602 | D:2      | Reached XP level 5. HP: 37/47 MP: 4/4
  1922 | D:3      | Reached XP level 6. HP: 52/53 MP: 5/5
  1997 | D:3      | Reached skill level 5 in Shields
  2000 | D:3      | Reached skill level 5 in Fighting
  2234 | D:3      | Found a white marble altar of Elyvilon.
  2399 | D:4      | Noticed a slave
  2399 | D:4      | Noticed a slave
  2399 | D:4      | Noticed a slave
  2400 | D:4      | Noticed Pikel
  2407 | D:4      | Noticed a slave
  2407 | D:4      | Noticed Dowan
  2409 | D:4      | Noticed Duvessa
  2410 | D:4      | Killed a slave
  2415 | D:4      | HP: 2/56 [Pikel/whip of flaming (2)]
  2416 | D:4      | Slain by Pikel

Skill      XL: |  1  2  3  4  5  6 |
---------------+-------------------+-----
Armour         | 4 5 |  5.5
Shields        | 4 5 |  5.2
Fighting       | 4 5 |  5.1
Long Blades    | 3 4 |  4.0
Dodging        | 1 2 3 |  3.2

Action                   |  1- 3 |  4- 6 || total
-------------------------+-------+-------++-------
Melee: Long sword        |    84 |   167 ||   251
       Headbutt          |     8 |    40 ||    48
  Use: Scroll            |       |     3 ||     3
       Potion            |       |     2 ||     2
  Eat: Chunk             |     2 |     3 ||     5
Armor: Scale mail        |    40 |    48 ||    88
Dodge: Dodged            |    36 |    42 ||    78
Block: Shield            |    57 |    80 ||   137
